 Dungeon Crawl Stone Soup version 0.19.5 (webtiles) character file.

121 Jumperg the Shooter (level 4, -1/35 HPs)
             Began as a Centaur Arcane Marksman on May 17, 2017.
             Slain by Natasha (9 damage)
             ... on level 3 of the Dungeon.
             The game lasted 00:32:58 (2906 turns).

Jumperg the Shooter (Centaur Arcane Marksman)       Turns: 2906, Time: 00:32:58

Health: -1/35      AC:  4    Str: 14    XL:     4   Next: 76%
Magic:  5/6        EV: 10    Int: 13    God:
Gold:   130        SH:  0    Dex:  8    Spells: 2 memorised, 3 levels left

rFire  . . .     SeeInvis .     p - +0 spear
rCold  . . .     Gourm    .     t - +0 robe (curse)
rNeg   . . .     Faith    .     (no shield)
rPois  .         Spirit   .     (no helmet)
rElec  .         Reflect  .     (no cloak)
rCorr  .         Harm     .     (no gloves)
MR     .....                    (no barding)
Stlth  +.........               (no amulet)
                                (no ring)
                                (no ring)

@: very slightly contaminated, very quick
A: hooves 3, deformed body, speed 2, tough skin 3
a: no special abilities


You were on level 3 of the Dungeon.
You were not hungry.

You visited 1 branch of the dungeon, and saw 3 of its levels.

You collected 130 gold pieces.

Inventory:

Hand Weapons
 a - a +0 shortbow
 o - a +1 mace of venom
 p - a +0 spear (weapon)
Missiles
 d - 15 arrows
 j - 41 poisoned needles
 m - 71 stones (quivered)
 v - 23 sling bullets
Armour
 e - a +0 robe
 t - a cursed +0 robe (worn)
Jewellery
 h - an uncursed amulet of magic regeneration {unknown}
Wands
 x - a wand of polymorph (12/24)
Scrolls
 b - a scroll of enchant armour {unknown}
 k - a scroll of identify {unknown}
 l - a scroll of magic mapping {unknown}
 q - a scroll of teleportation {unknown}
 r - 3 scrolls of remove curse {unknown}
 s - 2 scrolls of immolation {unknown}
 w - a scroll of random uselessness {unknown}
Potions
 g - a potion of cure mutation {unknown}
 n - a potion of degeneration {unknown}
 u - a potion of mutation {unknown}
 A - 2 potions of haste {unknown}
 B - a potion of curing {unknown}
Books
 c - a book of Debilitation

   Spells                             Type                      Level
   a - Corona                         Hexes                        1
   b - Slow                           Hexes                        2
   c - Gell's Gravitas                Hexes/Translocation          3
   d - Inner Flame                    Hexes/Fire                   3
   e - Cause Fear                     Hexes                        4
   f - Leda's Liquefaction            Hexes/Earth                  4
Comestibles
 f - a bread ration
 i - a slice of pizza
 z - a chunk of flesh


   Skills:
 + Level 1.6 Fighting
 - Level 0.1 Maces & Flails
 * Level 4.2 Bows
 - Level 2.0 Dodging
 * Level 1.5 Spellcasting
 + Level 3.3 Hexes


You had 3 spell levels left.
You knew the following spells:

 Your Spells              Type           Power        Failure   Level  Hunger
a - Corona                Hex            #......      10%         1    ##.....
b - Slow                  Hex            #.......     12%         2    ###....


Dungeon Overview and Level Annotations

Branches:
Dungeon (3/15)

Altars:

Annotations:
D:3 Natasha, Sigmund


Innate Abilities, Weirdness & Mutations

You have hooves in place of feet.
Armour fits poorly on your strangely shaped body.
You cover ground very quickly.
You have extremely tough skin. (AC +3)


Message History

You reach to attack!
You hit Natasha.
Natasha is moderately wounded.
You barely miss Natasha.
Natasha is moderately wounded.
Natasha claws you.
You hit Natasha.
Natasha is severely wounded.
Natasha claws you!
You completely miss Natasha. Your kick misses Natasha.
Natasha is severely wounded.
Natasha claws you.
You hit Natasha but do no damage.
Natasha is severely wounded.
Natasha claws you!
* * * LOW HITPOINT WARNING * * *
You are too injured to fight recklessly!
You hit Natasha. Your kick misses Natasha.
Natasha is almost dead.
Natasha claws you!
You die...

################
#............÷.#
#.†÷........##.#
#.#########.##.#
#######.## #.##.#
.........## #.##)#
#####.....#######>##.###
.......@h.......#.##.#.#
.#.##.....###.(...##....
# ##...####..h..##....
##.####.......##...
#............###.#
######....÷..# #.#
####....### #.#
#.......# #.# #.####.###
#.#


You could see Natasha.

Vanquished Creatures
  Natasha (D:3)
  4 adders
  2 worms (D:2)
  2 dart slugs (D:1)
  A ball python (D:2)
  5 bats
  2 giant cockroaches
  8 goblins
  7 hobgoblins
  5 frilled lizards
  10 kobolds
  4 rats
51 creatures vanquished.

Notes
Turn   | Place    | Note
-------+----------+-------------------------------------------
     0 | D:1      | Jumperg the Centaur Arcane Marksman began the quest for the Orb.
     0 | D:1      | Reached XP level 1. HP: 16/16 MP: 2/2
   314 | D:1      | Reached skill level 3 in Bows
   403 | D:1      | Reached XP level 2. HP: 23/23 MP: 3/3
   946 | D:1      | Reached XP level 3. HP: 22/28 MP: 2/4
  1141 | D:2      | Found a faded altar of an unknown god.
  1995 | D:2      | Reached XP level 4. HP: 22/35 MP: 5/5
  2211 | D:2      | Reached skill level 4 in Bows
  2585 | D:3      | Noticed Sigmund
  2654 | D:3      | Noticed Natasha
  2662 | D:3      | Killed Natasha
  2666 | D:3      | Learned a level 2 spell: Slow
  2892 | D:3      | Noticed Natasha
  2906 | D:3      | Slain by Natasha

Skill      XL: |  1  2  3  4 |
---------------+-------------+-----
Bows           | 3 4 |  4.2
Hexes          | 3 |  3.3
Dodging        | 2 |  2.0
Fighting       | |  1.6
Maces & Flails | |  0.1
Spellcasting   | |  1.5

Action                   |  1- 3 |  4- 6 || total
-------------------------+-------+-------++-------
Melee: Whip              |    27 |       ||    27
       Kick              |    12 |     2 ||    14
       Unarmed           |     5 |       ||     5
       Shortbow          |     2 |       ||     2
       Spear             |    99 |    53 ||   152
 Fire: Shortbow          |    35 |     2 ||    37
Throw: Stone             |    22 |    23 ||    45
 Cast: Corona            |     3 |     1 ||     4
  Eat: Chunk             |     2 |     3 ||     5
Armor: Robe              |    34 |    11 ||    45
Dodge: Dodged            |    46 |    16 ||    62
